 Dungeon Crawl Stone Soup version 0.30-a0-715-gdb4ae3ece1 (webtiles) character file.

Game seed: 9472290819566234280

52160 voltaire321 the Impaler (level 14, -5/102 HPs)
             Began as a Merfolk Venom Mage on Jan 23, 2023.
             Was a High Priest of Hepliaklqana.
             Killed from afar by a molten gargoyle (19 damage)
             ... with a bolt of magma
             ... on level 5 of the Lair of Beasts on Jan 24, 2023.
             The game lasted 01:25:00 (20031 turns).

voltaire321 the Impaler (Merfolk Venom Mage)       Turns: 20031, Time: 01:25:00

Health: -5/102     AC: 17    Str:  5    XL:     14   Next: 62%
Magic:  28/30      EV: 13    Int: 19    God:    Hepliaklqana [*****.]
Gold:   559        SH:  9    Dex: 13    Spells: 16/23 levels left

rFire   . . .      SeeInvis +    B - +6 trident "Passufef" {heavy, rElec rC+ Str-5}
rCold   + . .      Faith    .    O - +1 buckler "Widoal" {MP+9 Int+2 Stlth+}
rNeg    . . .      Spirit   .    c - +3 ring mail {rPois}
rPois   +          Reflect  +    v - +0 helmet
rElec   +          Harm     .    x - +2 cloak
rCorr   +          Rampage  .    (no gloves)
Will    +....                    L - +0 pair of boots
Stlth   ++                       M - amulet of reflection
HPRegen 0.37/turn                C - ring of resist corrosion
MPRegen 0.22/turn                k - ring of see invisible

@: about to teleport
A: reduced essence, (nimble swimmer 2), mertail, iridescent scales 1, clumsy 1
a: Renounce Religion, Recall Ancestor, Ancestor Identity, Transference, Idealise


You were on level 5 of the Lair of Beasts.
You worshipped Hepliaklqana.
Hepliaklqana was extremely pleased with you.
You visited 3 branches of the dungeon, and saw 17 of its levels.

You collected 1167 gold pieces.
You spent 608 gold pieces at shops.

Inventory:

Hand Weapons
 m - the +9 glaive of Light {drain, rElec rC++ Stlth-}
   (You bought it in a shop on level 6 of the Dungeon)

   rC:        It greatly protects you from cold.
   rElec:     It insulates you from electricity.
   Stlth:     It makes you less stealthy.
 z - the +5 sling of Welfare {heavy, +Blink rC++ rCorr Str-2 Dex-2}
   (You found it on level 5 of the Dungeon)

   Str:       It affects your strength (-2).
   Dex:       It affects your dexterity (-2).
   rC:        It greatly protects you from cold.
   +Blink:    It lets you blink.
   rCorr:     It protects you from acid and corrosion.
 B - the +6 trident "Passufef" (weapon) {heavy, rElec rC+ Str-5}
   (You bought it in a shop on level 4 of the Dungeon)

   Str:       It affects your strength (-5).
   rC:        It protects you from cold.
   rElec:     It insulates you from electricity.
Missiles
 I - 3 throwing nets
Armour
 c - a +3 ring mail of poison resistance (worn)
 l - the +6 ring mail of the Hunter {rN++ rCorr MP+9 Str-5 Dex+2}
   (You found it on level 8 of the Dungeon)

   Str:       It affects your strength (-5).
   Dex:       It affects your dexterity (+2).
   rN:        It greatly protects you from negative energy.
   MP:        It affects your magic capacity (+9).
   rCorr:     It protects you from acid and corrosion.
 u - a +3 leather armour of fire resistance
 v - a +0 helmet (worn)
 x - a +2 cloak (worn)
 L - a +0 pair of boots (worn)
 O - the +1 buckler "Widoal" (worn) {MP+9 Int+2 Stlth+}
   (You found it on level 3 of the Lair of Beasts)

   Int:       It affects your intelligence (+2).
   MP:        It affects your magic capacity (+9).
   Stlth:     It makes you more stealthy.
Jewellery
 e - a +4 ring of protection
 f - a ring of magical power
 k - a ring of see invisible (right hand)
 C - a ring of resist corrosion (left hand)
 M - an amulet of reflection (around neck)
 N - a ring of magical power
Wands
 o - a wand of mindburst (4)
 q - a wand of flame (16)
 y - a wand of polymorph (8)
 K - a wand of digging (1)
Scrolls
 a - 2 scrolls of enchant armour
 g - 3 scrolls of poison
 h - 2 scrolls of enchant weapon
 j - a scroll of blinking
 n - 6 scrolls of identify
 p - 2 scrolls of magic mapping
 G - 2 scrolls of teleportation
 H - 5 scrolls of fear
Potions
 b - 2 potions of magic
 d - 3 potions of haste
 i - a potion of berserk rage
 r - 4 potions of resistance
 s - 3 potions of cancellation
 t - 2 potions of ambrosia {unknown}
 w - 9 potions of curing
 A - 3 potions of might
 D - 2 potions of flight
 E - a potion of invisibility
 F - 2 potions of brilliance
 J - 2 potions of lignification
 Q - a potion of degeneration {unknown}


   Skills:
 + Level 11.7 Fighting
 * Level 17.3 Polearms
 + Level 7.4 Armour
 + Level 14.0 Dodging
 - Level 2.1 Stealth
 - Level 5.0 Spellcasting
 - Level 7.0 Transmutations
 - Level 10.0 Poison Magic
 + Level 4.7 Invocations


You had 16 spell levels left.
You knew the following spells:

 Your Spells              Type           Power      Damage    Failure   Level
a - Sting                 Tmut/Pois      100%       1d8       1%          1
b - Poisonous Vapours     Pois/Air       46%        N/A       12%         2
c - Olgreb's Toxic Radia  Pois           42%        N/A       11%         4

Your spell library contained the following spells:

 Spells                   Type           Power      Damage    Failure   Level
 Cigotuvi's Dreadful Rot  Necr/Pois/Air  34%        N/A       26%         2
 Mephitic Cloud           Conj/Pois/Air  17%        N/A       45%         3
 Freeze                   Ice            16%        1d4       54%         1
 Lesser Beckoning         Tloc           8%         N/A       67%         2
 Static Discharge         Conj/Air       8%         2-3/arc   67%         2
 Frozen Ramparts          Ice            8%         1d2       88%         3
 Gell's Gravitas          Tloc           4%         N/A       88%         3
 Hailstorm                Conj/Ice       4%         3d4       88%         3
 Stone Arrow              Conj/Erth      8%         3d7       88%         3
 Teleport Other           Tloc           4%         N/A       88%         3
 Vhi's Electric Charge    Tloc/Air       8%         N/A       88%         3
 Animate Armour           Summ/Erth      8%         N/A       99%         4
 Animate Dead             Necr           4%         N/A       99%         4
 Summon Ice Beast         Ice/Summ       4%         N/A       99%         4
 Arcjolt                  Conj/Air       2%         1d12      100%        5
 Lightning Bolt           Conj/Air       2%         1d13      100%        5
 Summon Mana Viper        Hex/Summ       4%         N/A       100%        5
 Dispersal                Tloc           2%         N/A       100%        6
 Haunt                    Necr/Summ      2%         N/A       100%        7
 Monstrous Menagerie      Summ           2%         N/A       100%        7
 Infestation              Necr           2%         N/A       100%        8
 Lehudib's Crystal Spear  Conj/Erth      2%         10d2      100%        8
 Maxwell's Capacitive Co  Air            2%         ∞         100%        8


Dungeon Overview and Level Annotations

Branches:
Dungeon (11/15)            Temple (1/1) D:7            Lair (5/5) D:11
 Shoals (0/4) Lair:3       Spider (0/4) Lair:3        Slime (0/5) Lair:4
    Orc: D:9-12

Altars:
Ashenzari
Cheibriados
Dithmenos
Elyvilon
Fedhas
Gozag
Hepliaklqana
Kikubaaqudgha
Makhleb
Nemelex Xobeh
Okawaru
Qazlal
Ru
Sif Muna
Trog
Uskayaw
Vehumet
Wu Jian
Xom
Yredelemnul
Zin
The Shining One
Jiyva

Shops:
D:4 (*=   D:6 *   D:8 ==(   D:11 [

Annotations:
Lair:1 2 transporters, omnomnOMINOUS's ghost, journeyman OpWn
Lair:3 exclusion: oklob plant
Lair:5 2 runed translucent doors


Innate Abilities, Weirdness & Mutations

Your life essence is reduced to manifest your ancestor. (-10% HP)
((You are very nimble when in or above water. (Stealth+, EV+, Speed+++)))
Your lower body shifts to a powerful aquatic tail in water.
You are partially covered in iridescent scales. (AC +2)
You are clumsy. (Dex -2)


Message History

The seven-headed hydra is almost dead.
Tenoch hits the seven-headed hydra with a +0 quarterstaff!!
The seven-headed hydra dies!
You block the steam dragon's attack.
The steam dragon claws you but does no damage.
You puncture the steam dragon!
The steam dragon is heavily wounded.
Tenoch barely misses the basilisk.
You block the steam dragon's attack. The steam dragon misses you.
The basilisk bites you but does no damage.
You hit the steam dragon but do no damage.
The steam dragon is heavily wounded.
Tenoch hits the basilisk with a +0 quarterstaff.
The steam dragon breathes steam at you. The ball of steam hits you!
You block the basilisk's attack.
You barely miss the steam dragon.
The steam dragon is heavily wounded.
You are engulfed in a cloud of scalding steam.
The steam dragon looks more healthy.
Tenoch gestures at the steam dragon while chanting.
The puff of frost misses the basilisk.
The puff of frost hits the steam dragon!
The steam dragon dies!
You hit the basilisk.
The basilisk is almost dead.
You are engulfed in a cloud of scalding steam.
You kill the basilisk!
The molten gargoyle blasts magma at you!
The bolt of magma hits you!!
* * * LOW HITPOINT WARNING * * *
Okay, then.
As you read the scroll of teleportation, it crumbles to dust.
You feel strangely unstable.
You are engulfed in a cloud of scalding steam.
* * * LOW HITPOINT WARNING * * *
The molten gargoyle blasts magma at you!
The bolt of magma hits Tenoch!
Tenoch partially resists.
The bolt of magma hits you!!
You die...

#.#.......#
#####8#.........##
..##.....###≈
##..........8##
.###.....# ≈≈##
#.....#.......≈
.##.....## ≈≈≈#
##.....#.....#≈≈
.##....##
###≈≈##8....#≈.....#§§
..#P..##
§≈§S≈§###÷..≈≈...#†..#
......#
#≈≈≈#..#≈≈≈§###≈..)
......#
##§..≈≈≈.§≈≈§§§≈##
.....##
#@..#.≈.######≈≈#.
.....#
#...R###≈.##...$##≈≈.
.....# #8..... #≈≈#..
.$(#≈≈≈ .....#
##..9....§§+. .)#≈≈≈
P#...# #..........+.
#≈§≈ ###..#
#........≈≈≈#.. #§§§
###..## §§.........≈≈
.. ##≈≈. .#....#
§≈.........##≈
#####§≈.. #.#...#
≈≈≈≈§§§..


You could see the friendly Tenoch the battlemage and a molten gargoyle (ally
target).

Vanquished Creatures
  Fannar (D:11)
  Harold (Lair:1)
  6 hydras
  3 two-headed ogres
  A fire crab (Lair:5)
  Amaemon (Lair:1)
  Lodul (D:11)
  Pikel (D:4)
  A cyclops (D:11)
  2 oklob plants
  A manticore (D:11)
  4 black mambas
  9 elephants
  2 gargoyles
  6 torpor snails
  A molten gargoyle (Lair:5)
  An orange demon (Lair:1)
  4 cane toads
  A rime drake (Lair:4)
  7 komodo dragons
  A polar bear (Lair:3)
  7 blink frogs
  4 dream sheep
  Sigmund (D:3)
  A culicivora (Lair:3)
  3 jumping spiders (Lair:3)
  2 shadows
  A wraith (D:6)
  4 wyverns
  Eustachio (D:4)
  A vampire (D:10)
  25 yaks
  6 basilisks
  7 steam dragons
  3 vampire mosquitoes (D:11)
  5 water moccasins
  4 hell hounds (Lair:5)
  2 acid dragons (D:11)
  An ice beast (D:6)
  8 orc warriors
  2 black bears
  3 sky beasts (D:7)
  8 ogres (D:11)
  6 wolves
  2 centaurs (D:10)
  2 phantoms (D:6)
  2 kobold brigands
  2 gnoll sergeants (D:5)
  9 bullfrogs
  2 necrophages (D:8)
  7 scorpions
  5 wights
  2 killer bees (D:10)
  6 electric eels (D:7)
  4 howler monkeys
  A gnoll bouda (D:10)
  4 lava snakes (Lair:5)
  5 jellies
  Crazy Yiuf (D:4)
  3 orc priests
  3 hounds
  Ijyb (D:3)
  Jessica (D:3)
  3 iguanas
  6 orc wizards
  3 hell rats (Lair:3)
  14 gnolls
  9 adders
  A shadow imp (D:8)
  6 white imps
  2 ufetubi (D:7)
  A worm (D:3)
  2 dart slugs
  41 orcs
  15 endoplasms
  A giant cockroach (D:2)
  3 goblins
  4 hobgoblins
  6 jackals
  5 quokkas
  11 ball pythons
  9 bats
  A frilled lizard (D:3)
  14 kobolds
  5 rats
384 creatures vanquished.

Vanquished Creatures (collateral kills)
  2 hydras
  A two-headed ogre (D:11)
  6 elephants
  2 black mambas
  5 cane toads
  A rime drake (Lair:1)
  A kobold demonologist (D:8)
  5 komodo dragons
  A hornet (Lair:2)
  5 dream sheep
  10 blink frogs
  A snapping turtle (Lair:3)
  A wraith (D:11)
  5 wyverns
  8 yaks
  3 basilisks
  2 steam dragons (Lair:5)
  2 water moccasins
  A black bear (D:8)
  An ogre (D:11)
  A wolf (Lair:4)
  A centaur (D:9)
  3 bullfrogs
  2 wights (D:9)
  3 jellies (Lair:3)
  3 hell rats (Lair:3)
  2 orcs
  8 endoplasms (Lair:3)
86 creatures vanquished.

Vanquished Creatures (others)
  A jelly (Lair:3)
  2 ancestors
  15 battlemagi
  32 fungi
  36 plants
  4 toadstools (D:4)
90 creatures vanquished.

Grand Total: 560 creatures vanquished

Notes
Turn   | Place    | Note
-------+----------+-------------------------------------------
     0 | D:1      | voltaire321 the Merfolk Venom Mage began the quest for the
                  | Orb.
     0 | D:1      | Reached XP level 1. HP: 13/13 MP: 3/3
   217 | D:1      | Reached XP level 2. HP: 20/20 MP: 1/5
   439 | D:1      | Reached skill level 1 in Fighting
   472 | D:1      | Found a faded altar of an unknown god.
   505 | D:1      | Reached XP level 3. HP: 26/26 MP: 6/6
  1197 | D:2      | Reached XP level 4. HP: 32/32 MP: 3/7
  1888 | D:3      | Noticed Ijyb
  1906 | D:3      | Killed Ijyb
  2036 | D:3      | Reached XP level 5. HP: 38/38 MP: 5/9
  2046 | D:3      | Learned a level 2 spell: Poisonous Vapours
  2090 | D:3      | Noticed Sigmund
  2125 | D:3      | Learned a level 4 spell: Olgreb's Toxic Radiance
  2325 | D:3      | Killed Sigmund
  2326 | D:3      | Reached XP level 6. HP: 46/46 MP: 10/10
  2384 | D:3      | Noticed Jessica
  2394 | D:3      | Killed Jessica
  2808 | D:4      | Noticed Pikel
  2812 | D:4      | Found Kafa's Assorted Antiques.
  2828 | D:4      | Killed Pikel
  2829 | D:4      | Reached skill level 5 in Dodging
  2829 | D:4      | Reached skill level 5 in Transmutations
  2829 | D:4      | Reached skill level 5 in Poison Magic
  2829 | D:4      | Reached XP level 7. HP: 33/53 MP: 8/12
  2952 | D:4      | Noticed Eustachio
  2990 | D:4      | Killed Eustachio
  2991 | D:4      | Reached XP level 8. HP: 39/60 MP: 12/14
  3599 | D:4      | Found Wuxkoas's Weapon Boutique.
  3770 | D:4      | Found Acrulile's Jewellery Emporium.
  3900 | D:4      | Found a runed translucent door.
  3901 | D:4      | Noticed Crazy Yiuf
  3913 | D:4      | Killed Crazy Yiuf
  4322 | D:5      | Entered Level 5 of the Dungeon
  4403 | D:5      | Reached skill level 1 in Armour
  4578 | D:5      | Identified the +5 sling of Welfare {heavy, +Blink rC++
                  | rCorr Str-2 Dex-2}
  4646 | D:5      | Reached skill level 5 in Fighting
  4960 | D:4      | Bought a crystal trident for 229 gold pieces
  4960 | D:4      | Identified the +6 trident "Passufef" {heavy, rElec rC+
                  | Str-5} (You bought it in a shop on level 4 of the Dungeon)
  5030 | D:5      | Reached XP level 9. HP: 57/68 MP: 16/16
  5461 | D:5      | Reached skill level 1 in Polearms
  5646 | D:6      | Found Tyweloc's Assorted Antiques.
  5759 | D:6      | Reached skill level 2 in Polearms
  5946 | D:6      | Reached skill level 5 in Spellcasting
  6110 | D:6      | Reached skill level 3 in Polearms
  6293 | D:6      | Found a large runed translucent door.
  6293 | D:6      | Found a large runed translucent door.
  6324 | D:6      | Reached skill level 4 in Polearms
  6722 | D:6      | Found a shimmering blue altar of Sif Muna.
  6731 | D:6      | Found a burning altar of Makhleb.
  6903 | D:7      | Found a snail-covered altar of Cheibriados.
  7042 | D:7      | Reached skill level 5 in Polearms
  7192 | D:7      | Reached XP level 10. HP: 17/76 MP: 17/17
  7610 | D:7      | Noticed a gargoyle
  7619 | D:7      | Killed a gargoyle
  7620 | D:7      | Reached skill level 6 in Polearms
  8194 | D:7      | Found a staircase to the Ecumenical Temple.
  8406 | Temple   | Entered the Ecumenical Temple
  8488 | Temple   | Became a worshipper of Hepliaklqana the Forgotten
  8806 | D:8      | Found a radiant altar of Vehumet.
  8818 | D:8      | Reached skill level 7 in Polearms
  8875 | D:8      | Noticed a kobold demonologist
  8893 | D:8      | Gained mutation: You do not regenerate when monsters are
                  | visible. [a neqoxec]
  9092 | D:8      | Found Lael's Jewellery Emporium.
  9315 | D:8      | Identified the +6 ring mail of the Hunter {rN++ rCorr MP+9
                  | Str-5 Dex+2}
  9327 | D:8      | Found Jopnesh's Jewellery Shop.
  9358 | D:8      | Noticed a two-headed ogre
  9364 | D:8      | Killed a two-headed ogre
  9505 | D:8      | Reached skill level 8 in Polearms
  9717 | D:8      | Reached * piety under Hepliaklqana
  9719 | D:8      | Found Wonach's Weapon Boutique.
 10427 | D:9      | Reached XP level 11. HP: 24/75 MP: 18/18
 10684 | D:10     | Entered Level 10 of the Dungeon
 10765 | D:8      | Reached skill level 9 in Polearms
 10766 | D:8      | Lost mutation: You do not regenerate when monsters are
                  | visible. [potion of mutation]
 10766 | D:8      | Gained mutation: You are dopey. (Int -2) [potion of
                  | mutation]
 10766 | D:8      | Gained mutation: Your flesh is cold resistant. (rC+)
                  | [potion of mutation]
 10767 | D:8      | Lost mutation: You are dopey. (Int -2) [potion of mutation]
 10767 | D:8      | Lost mutation: Your flesh is cold resistant. (rC+) [potion
                  | of mutation]
 10767 | D:8      | Gained mutation: You are partially covered in iridescent
                  | scales. (AC +2) [potion of mutation]
 10767 | D:8      | Gained mutation: Your body sometimes deteriorates upon
                  | taking damage. [potion of mutation]
 10768 | D:8      | Lost mutation: You are partially covered in iridescent
                  | scales. (AC +2) [potion of mutation]
 10768 | D:8      | Lost mutation: Your body sometimes deteriorates upon taking
                  | damage. [potion of mutation]
 10768 | D:8      | Gained mutation: You are partially covered in iridescent
                  | scales. (AC +2) [potion of mutation]
 10768 | D:8      | Gained mutation: You are clumsy. (Dex -2) [potion of
                  | mutation]
 10818 | D:6      | Bought a faintly glowing glaive for 379 gold pieces
 10818 | D:6      | Identified the +9 glaive of Light {drain, rElec rC++
                  | Stlth-} (You bought it in a shop on level 6 of the Dungeon)
 11020 | D:10     | Noticed a two-headed ogre
 11040 | D:10     | Killed a two-headed ogre
 11056 | D:10     | HP: 3/72 [wight/+0 trident (1)]
 11451 | D:10     | Noticed a two-headed ogre
 11458 | D:10     | Killed a two-headed ogre
 11459 | D:10     | Reached skill level 10 in Polearms
 11768 | D:10     | Reached ** piety under Hepliaklqana
 11769 | D:10     | Remembered your ancestor Tenoch as a battlemage
 11803 | D:11     | Noticed Lodul
 11816 | D:11     | Killed Lodul
 11817 | D:11     | Reached skill level 10 in Dodging
 12059 | D:11     | Noticed a cyclops
 12070 | D:11     | Killed a cyclops
 12073 | D:11     | Noticed Fannar
 12073 | D:11     | Noticed a manticore
 12091 | D:11     | Killed Fannar
 12091 | D:11     | Killed a manticore
 12092 | D:11     | Reached skill level 11 in Polearms
 12268 | D:11     | Noticed a skeletal warrior
 12270 | D:11     | Noticed a skeletal warrior
 12436 | D:11     | Reached skill level 5 in Armour
 12436 | D:11     | Reached XP level 12. HP: 84/84 MP: 19/19
 12452 | D:11     | Noticed a two-headed ogre
 12457 | D:11     | Killed a two-headed ogre
 12519 | D:11     | Found Irghen's Antique Armour Boutique.
 12717 | D:11     | Found a staircase to the Lair.
 12745 | Lair:1   | Entered Level 1 of the Lair of Beasts
 12752 | Lair:1   | Reached skill level 12 in Polearms
 12841 | Lair:1   | Found a transporter.
 12850 | Lair:1   | Noticed Harold
 12859 | Lair:1   | Killed Harold
 12860 | Lair:1   | Noticed omnomnOMINOUS's ghost (journeyman OpWn)
 12967 | Lair:1   | Found a bloodstained altar of Trog.
 13309 | Lair:1   | Identified the +1 leather armour "Vegoz" {rElec}
 13628 | Lair:1   | Reached *** piety under Hepliaklqana
 13661 | Lair:1   | Found a transporter.
 13664 | Lair:1   | Noticed Amaemon
 13674 | Lair:1   | Killed Amaemon
 13679 | Lair:1   | Reached skill level 13 in Polearms
 13679 | Lair:1   | Reached skill level 10 in Poison Magic
 14300 | Lair:2   | Reached XP level 13. HP: 88/92 MP: 20/20
 14303 | Lair:2   | Reached skill level 14 in Polearms
 14304 | Lair:2   | Reached skill level 10 in Fighting
 15203 | Lair:3   | Found a hole to the Spider Nest.
 15267 | Lair:3   | Found a staircase to the Shoals.
 15345 | Lair:3   | Reached **** piety under Hepliaklqana
 15439 | Lair:3   | Reached skill level 15 in Polearms
 15741 | Lair:3   | Identified the +1 buckler "Widoal" {MP+9 Int+2 Stlth+}
 15943 | Lair:3   | Found a snail-covered altar of Cheibriados.
 16195 | Lair:4   | Reached skill level 1 in Invocations
 16222 | Lair:4   | Found a viscous altar of Jiyva.
 16222 | Lair:4   | Found a staircase to the Slime Pits.
 16689 | Lair:4   | Reached skill level 16 in Polearms
 16771 | Lair:4   | Reached XP level 14. HP: 82/101 MP: 21/21
 17289 | Lair:5   | Entered Level 5 of the Lair of Beasts
 17748 | Lair:5   | Reached ***** piety under Hepliaklqana
 18631 | Lair:5   | Found a shadowy altar of Dithmenos.
 19245 | Lair:5   | Reached skill level 17 in Polearms
 19798 | Lair:5   | Found a large runed translucent door.
 19800 | Lair:5   | Found a large runed translucent door.
 20031 | Lair:5   | Killed from afar by a molten gargoyle

Illustrated notes

Levels and vault maps discovered:
D:1:      dreamdust_arrival_sigmund_warning, layout_loops_ring,
          shapermc_ecumenical_altar_flowoftime, nicolae_grassy_gnolls
D:2:      layout_basic
D:3:      layout_rooms, grunt_decor_arrowhead, uniq_jessica, uniq_sigmund,
          uniq_ijyb
D:4:      wad_lake_hut, layout_basic, serial_shops, nicolae_shop_crystal,
          nicolae_shop_behind_doors, nicolae_shop_overgrown_old_shop,
          corexii_hall_statues_l, grunt_ministairs_13, minmay_gold_behind_fungi,
          uniq_crazy_yiuf_cottage, uniq_pikel, uniq_eustachio
D:5:      layout_loops_ring, minmay_misc_feat_chi, minmay_diced_spiral
D:6:      minmay_opposing_rooms, layout_gridville, jmf_multi_god_temple2,
          minmay_shop_grid_forest
D:7:      cheibrodos_two_vegetables, layout_cave_pools,
          mainiacjoe_overflow_small_starburst, minmay_temple_entry_butterflies,
          glass_columns_c, minmay_misc_feat_plants
D:8:      layout_cave_pools, kennysheep_mini_moat, serial_shops,
          nicolae_shop_bloodbath_and_beyond, shop, kennysheep_little_box,
          amethyst_killhole, kennysheep_generic_room_5
D:9:      layout_gridville, hangedman_abyss_or_decor_clamps
D:10:     layout_roguey, roderic_roman_lattice, minmay_circle_x
D:11:     layout_cave_pools, erik_lair_dragon, serial_shops,
          nicolae_shop_behind_doors, chequers_mini_garden, uniq_fannar,
          uniq_lodul
Temple:   regret_index_temple_chain_breaker
Lair:1:   layout_layer_cave, gammafunk_ghost_wrathful_warriors, uniq_harold,
          uniq_amaemon
Lair:2:   layout_chaotic_city, lemuel_fruit_tree
Lair:3:   lemuel_slime, layout_chaotic_city, minmay_shoals_entry_hut,
          spider_nest_entry_funnel_web, ldierk_geyser,
          chequers_serial_rivers_micro_c, minmay_lair_oklob_items,
          nicolae_quartered_pool_medium, fungi_pond_lemuel,
          kennysheep_snail_temple
Lair:4:   layout_roguey, slime_entry_1
Lair:5:   cheibrodos_lair_end_hotspot, layout_regular_city, basic_altar,
          minmay_lair_oklob_bushes, chequers_serial_rivers_micro_c

Skill      XL: |  1  2  3  4  5  6  7  8  9 10 11 12 13 14 |
---------------+-------------------------------------------+-----
Dodging        | 3 4 5 6 8 9 10 11 13 14 | 14.0
Transmutations | 2 3 5 6 7 |  7.0
Fighting       | 1 2 3 4 5 6 7 8 9 11 | 11.7
Poison Magic   | 4 5 6 7 8 9 10 | 10.0
Spellcasting   | 3 4 5 |  5.0
Armour         | 1 2 4 5 6 7 |  7.4
Polearms       | 5 8 11 13 16 17 | 17.3
Invocations    | 2 4 |  4.7
Stealth        | |  2.1

Action                     |  1- 3 |  4- 6 |  7- 9 | 10-12 | 13-15 || total
---------------------------+-------+-------+-------+-------+-------++-------
  Melee: Unarmed           |     6 |       |       |       |       ||     6
         Short sword       |    42 |    68 |       |       |       ||   110
         Punch             |       |     1 |       |     3 |       ||     4
         Whip              |       |       |    56 |       |       ||    56
         Trident           |       |       |   146 |   188 |    90 ||   424
         Glaive            |       |       |       |   230 |   273 ||   503
         Tailslap          |       |       |       |       |     1 ||     1
   Cast: Sting             |    38 |    65 |    94 |     7 |       ||   204
         Poisonous Vapours |       |     4 |     8 |    31 |     1 ||    44
         Olgreb's Toxic Ra |       |       |       |     7 |     8 ||    15
 Invoke: Recall Ancestor   |       |       |       |     2 |     1 ||     3
         Ancestor Life: Ba |       |       |       |     1 |       ||     1
  Evoke: Wand              |       |     2 |     5 |     2 |     7 ||    16
    Use: Scroll            |       |       |       |    25 |     6 ||    31
         Potion            |       |       |       |     4 |     2 ||     6
   Stab: Sleeping          |     1 |     1 |     1 |     1 |     1 ||     5
         Distracted        |       |       |       |     4 |    10 ||    14
         Paralysed         |       |       |       |       |     3 ||     3
 Armour: Robe              |     6 |    14 |       |       |       ||    20
         Ring mail         |       |       |   157 |   197 |   192 ||   546
  Dodge: Dodged            |    28 |    68 |   203 |   309 |   271 ||   879
  Block: Other             |       |       |       |       |    64 ||    64
         Buckler           |       |       |       |       |    36 ||    36

Table legend: (Time is in decaauts)
 A = Elapsed time spent in this place.
 B = Non-inter-level travel time spent in this place.
 C = Inter-level travel time spent in this place.
 D = Time resting spent in this place.
 E = Time spent auto-exploring this place.
 F = Levels seen in this place.
 G = Mean time per level.
                   A        B        C        D        E       F      G
               +--------+--------+--------+--------+--------+-----+--------+
         Total |  20181 |  19640 |    541 |   5603 |   9459 |  17 | 1187.1 |
       Dungeon |  12739 |  12252 |    487 |   3436 |   5925 |  11 | 1158.1 |
        Temple |    174 |    159 |     15 |      0 |    115 |   1 |  174.0 |
          Lair |   7266 |   7227 |     39 |   2167 |   3419 |   5 | 1453.2 |
               +--------+--------+--------+--------+--------+-----+--------+

Top non-repeatable levels by time:
  Lair:5: 1959 daAuts
  Lair:4: 1848 daAuts
     D:7: 1746 daAuts
     D:4: 1523 daAuts
     D:6: 1395 daAuts
     D:8: 1323 daAuts
     D:5: 1296 daAuts
  Lair:1: 1221 daAuts
  Lair:3: 1206 daAuts
    D:10: 1133 daAuts
  Lair:2: 1031 daAuts
     D:2: 966 daAuts
     D:1: 920 daAuts
     D:3: 908 daAuts
    D:11: 818 daAuts
